 Dungeon Crawl Stone Soup version 0.27-a0-1193-g8631133539 (webtiles) character file.

Game seed: 3780005527044943475

183 senseless the Skirmisher (level 5, -7/43 HPs)
             Began as a Demonspawn Monk on May 25, 2021.
             Was a Priest of Qazlal.
             Killed from afar by Ijyb (16 damage)
             ... with a bolt of acid
             ... on level 3 of the Dungeon.
             The game lasted 00:07:34 (2680 turns).

senseless the Skirmisher (Demonspawn Monk)          Turns: 2680, Time: 00:07:35

Health: -7/43      AC:  4    Str: 13    XL:     5   Next: 35%
Magic:  6/6        EV: 13    Int: 11    God:    Qazlal [***...]
Gold:   133        SH:  4    Dex: 17    Spells: 4/4 levels left

rFire    . . .     SeeInvis .   g - +4 whip
rCold    . . .     Faith    .   (no shield)
rNeg     . . .     Spirit   .   b - +0 robe
rPois    .         Reflect  .   (helmet restricted)
rElec    .         Harm     .   (no cloak)
rCorr    .         Rampage  .   e - +0 pair of gloves
Will     .....                  c - +0 pair of boots
Stlth    ++........             (no amulet)
HPRegen  0.14/turn              (no ring)
MPRegen  0.10/turn              (no ring)

@: no status effects
A: horns 1, thin skeletal structure 1, demonic magic 1
a: Renounce Religion, Upheaval, Elemental Force


You were on level 3 of the Dungeon.
You worshipped Qazlal.
Qazlal was most pleased with you.
You visited 1 branch of the dungeon, and saw 3 of its levels.
You also visited: Sewer.

You collected 133 gold pieces.

Inventory:

Hand Weapons
 a - a +0 mace
 d - a +2 dagger of freezing
 f - a +4 dagger of draining
 g - a +4 whip (weapon)
Armour
 b - a +0 robe (worn)
 c - a +0 pair of boots (worn)
 e - a +0 pair of gloves (worn)
Scrolls
 l - a scroll of silence {unknown}
Potions
 h - a potion of brilliance {unknown}
 i - a potion of heal wounds {unknown}
 j - 2 potions of flight {unknown}
 k - a potion of curing


   Skills:
 * Level 4.4 Fighting
 - Level 1.6 Short Blades
 + Level 2.9 Maces & Flails
 + Level 3.5 Dodging
 - Level 1.7 Stealth
 + Level 2.4 Invocations


You had 4 spell levels left.
You didn't know any spells.
Your spell library contained the following spells:

 Spells                   Type           Power      Damage    Failure   Level
 Magic Dart               Conj           0%         1d3       34%         1
 Searing Ray              Conj           0%         3d3       47%         2
 Dazzling Flash           Conj/Hex       0%         N/A       71%         3
 Fulminant Prism          Conj/Hex       0%         3d6       98%         4
 Iskenderun's Mystic Bla  Conj/Tloc      0%         2d3       98%         4


Dungeon Overview and Level Annotations

Branches:
Dungeon (3/15)              Sewer (visited)

Altars:
Hepliaklqana
Qazlal
Xom

Annotations:
D:3 Ijyb


Innate Abilities, Weirdness & Mutations

You have a pair of small horns on your head.
You have a somewhat thin skeletal structure. (Dex +2, Stealth+)
Spells you cast may paralyse adjacent enemies.


Message History

You hit the goblin.
You kill the goblin!
Qazlal accepts your kill.
You hear a shout!
No target in view!
You hear a bark!
You hear a bark!
A goblin comes into view. It is wielding a +0 club.
You hear a shout! x2
You hear a shout!
No target in view!
No target in view!
Ijyb the Twisted Goblin comes into view.
She is wielding a +0 dagger and carrying a wand of acid (10).
You hear a shout!
You hit the goblin. Your headbutt misses the goblin.
The goblin is heavily wounded.
The goblin misses you.
You hit the goblin.
You kill the goblin!
Qazlal accepts your kill.
A jackal comes into view.
The jackal barks!
The goblin shoots a stone.
The stone barely misses you.
You see here a +0 club.
You hit Ijyb but do no damage. You headbutt Ijyb, but do no damage.
A goblin comes into view. It is wielding a +0 dagger.
Ijyb barely misses you.
You barely miss Ijyb. Your headbutt misses Ijyb.
Ijyb hits you with a +0 dagger.
The goblin shoots a stone.
The stone barely misses you.
You barely miss Ijyb. You headbutt Ijyb, but do no damage.
You block the jackal's attack.
Ijyb zaps a wand.
The bolt of acid hits you!
You are splashed with acid!
* * * LOW HITPOINT WARNING * * *
The goblin shoots a stone.
The stone barely misses you.
You are too injured to fight recklessly!
You feel better. The jackal bites you.
* * * LOW HITPOINT WARNING * * *
Ijyb zaps a wand.
The bolt of acid hits you!
You die...

≈≈≈##'''##≈≈≈≈≈≈##.##
≈≈ #.....#≈≈≈≈≈≈≈#.##
#...).#.....≈≈≈.##
#.....# .....≈≈.##
#.....# '##..≈≈...
#...).# #..≈≈###
#.....# #..≈≈ #.§...#
#..≈≈ #@☼...# #..≈≈
#...°gh......#...≈≈
#..g.........#...≈≈
#..g########## #...
#... #.. ###


You could see Ijyb, a jackal and 2 goblins.

Vanquished Creatures
  A kobold brigand (Sewer)
  A river rat (Sewer)
  3 adders
  A worm (D:3)
  A dart slug (D:1)
  An orc (D:3)
  4 ball pythons
  A bat (D:3)
  4 endoplasms
  3 giant cockroaches
  9 goblins
  4 hobgoblins
  6 jackals
  7 kobolds
  7 quokkas
  2 frilled lizards (D:2)
  9 rats
64 creatures vanquished.

Notes
Turn   | Place    | Note
-------+----------+-------------------------------------------
     0 | D:1      | senseless the Demonspawn Monk began the quest for the Orb.
     0 | D:1      | Reached XP level 1. HP: 18/18 MP: 1/1
   364 | D:1      | Gained mutation: Spells you cast may paralyse adjacent
                  | enemies. [demonic ancestry]
   364 | D:1      | Reached XP level 2. HP: 12/24 MP: 2/2
   597 | D:1      | Found a faded altar of an unknown god.
   605 | D:1      | Became a worshipper of Qazlal Stormbringer
   605 | D:1      | Reached * piety under Qazlal
   605 | D:1      | Reached ** piety under Qazlal
   655 | D:1      | Gained mutation: You have a somewhat thin skeletal
                  | structure. (Dex +2, Stealth+) [demonic ancestry]
   655 | D:1      | Reached XP level 3. HP: 5/29 MP: 3/3
   921 | D:2      | Reached *** piety under Qazlal
   955 | D:2      | Reached skill level 1 in Invocations
  1478 | D:2      | You fall into a shaft and drop 1 floor!
  1518 | D:3      | Found a hazy altar of Hepliaklqana.
  1519 | D:3      | Found a shimmering altar of Xom.
  1520 | D:3      | Noticed a spectral ugly thing
  1541 | D:3      | Reached skill level 1 in Short Blades
  1689 | D:3      | Gained mutation: You have a pair of small horns on your
                  | head. [demonic ancestry]
  1689 | D:3      | Reached XP level 4. HP: 36/37 MP: 5/5
  2001 | D:3      | Reached skill level 4 in Fighting
  2001 | D:3      | Found a glowing drain.
  2010 | Sewer    | Entered a sewer
  2068 | Sewer    | Noticed a kobold brigand
  2120 | Sewer    | Killed a kobold brigand
  2121 | Sewer    | Reached XP level 5. HP: 28/43 MP: 6/6
  2672 | D:3      | Noticed Ijyb
  2680 | D:3      | Killed from afar by Ijyb

Illustrated notes

Levels and vault maps discovered:
D:1:      minmay_arrival_four_loops, layout_rooms,
          shapermc_ecumenical_altar_notcrosses
D:2:      layout_loops_ring
D:3:      kennysheep_goblin_castle, layout_loops_ring,
          regret_index_temple_of_mockery, gup_sewer_entry_bowl, serial_shops,
          shop

Skill      XL: |  1  2  3  4 |
---------------+-------------+-----
Dodging        | 3 |  3.5
Invocations    | 1 2 |  2.4
Short Blades   | 1 |  1.6
Fighting       | 4 |  4.4
Maces & Flails | |  2.9
Stealth        | |  1.7

Action                   |  1- 3 |  4- 6 || total
-------------------------+-------+-------++-------
Melee: Mace              |    18 |       ||    18
       Dagger            |    82 |    73 ||   155
       Headbutt          |       |    11 ||    11
       Whip              |       |    21 ||    21
  Use: Scroll            |       |     2 ||     2
       Potion            |       |     2 ||     2
 Stab: Sleeping          |     1 |       ||     1
Armor: Robe              |    18 |    12 ||    30
Dodge: Dodged            |    53 |    55 ||   108
Block: Other             |    14 |    12 ||    26

Table legend: (Time is in decaauts)
 A = Elapsed time spent in this place.
 B = Non-inter-level travel time spent in this place.
 C = Inter-level travel time spent in this place.
 D = Time resting spent in this place.
 E = Time spent auto-exploring this place.
 F = Levels seen in this place.
 G = Mean time per level.
                   A        B        C        D        E       F      G
               +--------+--------+--------+--------+--------+-----+--------+
         Total |   2740 |   2645 |     95 |    410 |   1752 |   4 |  685.0 |
       Dungeon |   2274 |   2179 |     95 |    410 |   1438 |   3 |  758.0 |
         Sewer |    466 |    466 |      0 |      0 |    313 |   1 |  466.0 |
               +--------+--------+--------+--------+--------+-----+--------+

Top non-repeatable levels by time:
     D:1: 916 daAuts
     D:3: 792 daAuts
     D:2: 564 daAuts
   Sewer: 466 daAuts
